 Dungeon Crawl Stone Soup version 0.30-a0-469-g84de5afbc5 (webtiles) character file.

Game seed: 2548088542040174995

73210 funkygono the Thaumaturge (level 15, -1/95 HPs)
             Began as a Demonspawn Fire Elementalist on Dec 19, 2022.
             Was a High Priest of Sif Muna.
             Slain by a fenstrider witch (4 damage)
             ... while paralysed by a fenstrider witch
             ... on level 1 of the Swamp.
             The game lasted 00:57:50 (28718 turns).

funkygono the Thaumaturge (DsFE)                   Turns: 28718, Time: 00:57:50

Health: -1/95      AC: 19    Str:  9    XL:     15   Next: 3%
Magic:  37/42      EV:  2    Int: 27    God:    Sif Muna [*****.]
Gold:   1959       SH:  0    Dex: 20    Spells: 18/43 levels left

rFire   . . .      SeeInvis +    t - +8 flail
rCold   . . .      Faith    .    (no shield)
rNeg    . . .      Spirit   .    A - +4 swamp dragon scales
rPois   +          Reflect  .    (helmet unavailable)
rElec   +          Harm     +    G - +1 cloak
rCorr   .          Rampage  .    I - +0 pair of gloves
Will    +....                    H - +1 pair of boots of the Clam {rElec}
Stlth   ++++......               e - amulet of Ibbalud {Acrobat Harm Regen+ Int+4 Stlth-}
HPRegen 1.15/turn                z - ring of magical power
MPRegen 0.28/turn                u - +4 ring of evasion

@: paralysed, lethally poisoned (-1 -> -10)
A: antennae 3, thin skeletal structure 3, demonic guardian 1, demonic magic 1
a: Renounce Religion, Channel Magic, Forget Spell, Divine Exegesis


You were on level 1 of the Swamp.
You worshipped Sif Muna.
Sif Muna was extremely pleased with you.
You visited 5 branches of the dungeon, and saw 21 of its levels.
You also visited: Ice Cave.

You collected 2757 gold pieces.
You spent 798 gold pieces at shops.

Inventory:

Hand Weapons
 t - a +8 flail (weapon)
 F - the +2 great sword "Ziaggut" {freeze, *Rage rElec rC+ Int+3}
   (You found it on level 3 of the Lair of Beasts)

   It freezes those it strikes, dealing additional cold damage.
   It can also slow down cold-blooded creatures.
   Int:       It affects your intelligence (+3).
   rC:        It protects you from cold.
   rElec:     It insulates you from electricity.
   *Rage:     It berserks you when you make melee attacks (+20% chance).
Armour
 A - +4 swamp dragon scales (worn)
 G - a +1 cloak (worn)
 H - the +1 pair of boots of the Clam (worn) {rElec}
   (You bought it in a shop on level 10 of the Dungeon)

   rElec:     It insulates you from electricity.
 I - a +0 pair of gloves (worn)
Jewellery
 e - the amulet of Ibbalud (around neck) {Acrobat Harm Regen+ Int+4 Stlth-}
   (You acquired it on level 4 of the Dungeon)

   [amulet of the acrobat]

   It increases your evasion while moving and waiting.
   Int:       It affects your intelligence (+4).
   Regen:     It increases your rate of health regeneration.
   Harm:      It increases damage dealt and taken.
   Stlth:     It makes you less stealthy.
 h - a ring of positive energy
 j - a ring of willpower
 q - a ring of poison resistance
 u - a +4 ring of evasion (right hand)
 v - a ring of protection from fire
 w - a ring of flight
 z - a ring of magical power (left hand)
 C - a ring of resist corrosion
Wands
 n - a wand of polymorph (3)
 s - a wand of iceblast (17)
 y - a wand of flame (31)
 D - a wand of light (19)
 J - a wand of paralysis (18)
 M - a wand of digging (17)
Scrolls
 a - 2 scrolls of fog
 c - a scroll of magic mapping
 f - 3 scrolls of blinking
 g - 8 scrolls of teleportation
 m - 5 scrolls of identify
 x - 3 scrolls of fear
 B - 5 scrolls of poison
Potions
 b - 2 potions of magic
 i - 2 potions of ambrosia
 k - 6 potions of heal wounds
 l - 3 potions of brilliance
 p - 2 potions of flight
 E - 2 potions of curing
 U - a potion of haste


   Skills:
 + Level 2.0 Fighting
 + Level 2.0 Maces & Flails
 + Level 7.1 Armour
 + Level 3.0 Dodging
 - Level 1.7 Stealth
 + Level 14.6 Spellcasting
 + Level 9.4 Conjurations
 + Level 3.2 Transmutations
 + Level 12.7 Fire Magic
 + Level 4.6 Earth Magic
 + Level 10.2 Poison Magic
 + Level 2.1 Invocations
 + Level 0.3 Evocations


You had 18 spell levels left.
You knew the following spells:

 Your Spells              Type           Power      Damage    Failure   Level
a - Foxfire               Conj/Fire      100%       2x1d9     1%          1
b - Scorch                Fire           100%       2d10      1%          2
c - Kindle Blastsparks    Fire/Tloc/Air  84%        2d17      3%          3
d - Flame Wave            Conj/Fire      68%        2d15      1%          4
e - Stone Arrow           Conj/Erth      100%       3d13      1%          3
f - Olgreb's Toxic Radia  Pois           66%        N/A       1%          4
g - Ignite Poison         Fire/Tmut/Pois 61%        N/A       1%          3
h - Fireball              Conj/Fire      34%        3d14      1%          5

Your spell library contained the following spells:

 Spells                   Type           Power      Damage    Failure   Level
 Sandblast                Erth           88%        2d18      1%          1
 Sting                    Tmut/Pois      100%       1d8       1%          1
 Passwall                 Tmut/Erth      34%        N/A       1%          2
 Poisonous Vapours        Pois/Air       94%        N/A       1%          2
 Static Discharge         Conj/Air       90%        2-6/arc   1%          2
 Inner Flame              Hex/Fire       52%        N/A       1%          3
 Iskenderun's Battlesphe  Conj           63%        2d11      3%          5
 Necrotise                Necr           76%        1d7       6%          1
 Sublimation of Blood     Necr           19%        N/A       10%         2
 Petrify                  Tmut/Erth      41%        N/A       13%         4
 Irradiate                Conj/Tmut      26%        3d20      13%         5
 Gell's Gravitas          Tloc           20%        N/A       19%         3
 Lesser Beckoning         Tloc           40%        N/A       19%         3
 Ozocubu's Armour         Ice            19%        N/A       19%         3
 Teleport Other           Tloc           20%        N/A       19%         3
 Vampiric Draining        Necr           19%        2d7       19%         3
 Vhi's Electric Charge    Tloc/Air       40%        N/A       19%         3
 Animate Armour           Summ/Erth      64%        N/A       26%         4
 Arcjolt                  Conj/Air       22%        1d32      26%         5
 Lee's Rapid Deconstruct  Erth           22%        3d12*     26%         5
 Lightning Bolt           Conj/Air       22%        1d38      26%         5
 Blade Hands              Tmut           18%        N/A       43%         5
 Freezing Cloud           Conj/Ice/Air   18%        6-21      45%         5
 Animate Dead             Necr           19%        N/A       54%         4
 Cause Fear               Hex            9%         N/A       54%         4
 Borgnjor's Vile Clutch   Necr/Erth      16%        N/A       56%         5
 Orb of Destruction       Conj           31%        9d10      75%         7
 Conjure Ball Lightning   Conj/Air       22%        3x3d6     82%         6
 Agony                    Necr           19%        N/A       87%         5
 Statue Form              Tmut/Erth      27%        N/A       89%         6
 Death Channel            Necr           9%         N/A       100%        6
 Simulacrum               Ice/Necr       9%         N/A       100%        6
 Dragon Form              Tmut           18%        N/A       100%        7
 Discord                  Hex            9%         N/A       100%        8
 Disjunction              Tloc           10%        N/A       100%        8
 Lehudib's Crystal Spear  Conj/Erth      27%        10d7      100%        8


Dungeon Overview and Level Annotations

Branches:
Dungeon (12/15)            Temple (1/1) D:4            Lair (5/5) D:9
  Swamp (1/4) Lair:3        Snake (0/4) Lair:2        Slime (0/5) Lair:5
    Orc (2/2) D:12            Elf (0/3) Orc:2         IceCv (visited)

Altars:
Ashenzari
Cheibriados
Dithmenos
Fedhas
Gozag
Hepliaklqana
Kikubaaqudgha
Makhleb
Okawaru
Qazlal
Ru
Sif Muna
Uskayaw
Vehumet
Wu Jian
Xom
Yredelemnul
Jiyva

Shops:
D:1 :   D:7 (   D:10 *   D:11 !!   Orc:2 ?*!(=

Portals:
Trove: D:11 (give 19 potions of curing)

Annotations:
D:10 3 runed translucent doors
D:11 4 transporters


Innate Abilities, Weirdness & Mutations

You have a pair of large antennae on your head. (SInv)
You have an unnaturally thin skeletal structure. (Dex +6, Stealth+++)
A weak demonic guardian rushes to your aid.
Spells you cast may paralyse adjacent enemies.


Message History

Splash!
You fall into the toxic bog.
Moving in this stuff is going to be slow.
A wave of flame ripples out!
Your demonic guardian avoids your attack.
The mangrove smoulders and burns.
The flame wave engulfs the fenstrider witch.
The fenstrider witch is lightly wounded.
You are engulfed in a cloud of scalding steam.
You fester in the toxic bog!
You partially resist.
You are more poisoned.
You feel very sick.
The fenstrider witch points at you and mumbles some strange words.
The toxic sludge hits you!
You are more poisoned.
You partially resist.
A wave of flame ripples out!
Your demonic guardian avoids your attack.
The flame wave engulfs the fenstrider witch!
The fenstrider witch is moderately wounded.
The mangrove smoulders and burns.
You smell burning wood.
You finish channelling waves of flame.
You are engulfed in a cloud of scalding steam.
You fester in the toxic bog!
You partially resist.
You are more poisoned.
You feel very sick.
The fenstrider witch gestures at you while chanting.
You suddenly lose the ability to move!
You are engulfed in a cloud of scalding steam.
You fester in the toxic bog!
You partially resist.
You are more poisoned.
* * * LOW HITPOINT WARNING * * *
You feel very sick.
The fenstrider witch is engulfed in a cloud of scalding steam.
The fenstrider witch hits you but does no damage.
The fenstrider witch kicks you.
* * * LOW HITPOINT WARNING * * *
Your iron imp completely misses the fenstrider witch.
* * * LOW HITPOINT WARNING * * *
You feel very sick. The fenstrider witch hits you.
You die...

.♣ ♣♣~♣ ♣~♣♣ .~.♣ ♣♣
.~.♣ ♣♣~.. ♣.♣♣
♣♣♣.~>♣ ♣§§♣§ ~~.♣
♣.♣.~.♣♣ ♣♣.§~§♣.§§♣
.~~~~~.♣ ♣♣~~§~§§§.§♣
.....~~♣♣♣.~..5.§§§§♣
♣~~♣.~.~♣...§.§H@§§○♣
..~~.~~~...~~~§§§°§○♣
.~~.~~♣~~.~~§§○§§§§○♣
<~~.~~..~~~~...☼~§☼§♣
....~.~~♣~.~..♣♣.♣♣♣♣
.~♣~~♣~~~~.~.♣ ♣.♣
.~~~~~~§~~~.. ♣♣.♣
♣?..~~~†~~§.♣ ♣.~♣♣
♣♣.~~~~~~~~~♣ ♣~~.♣♣


You could see a fenstrider witch (ally target) and a friendly iron imp
(summoned).

Vanquished Creatures
  3 eleionomae (Swamp:1)
  Azrael (Orc:2)
  Fannar (D:11)
  6 hydras
  A catoblepas (Lair:5)
  6 two-headed ogres
  A boulder beetle (Lair:5)
  3 orc high priests (Orc:2)
  3 death yaks (Lair:4)
  4 lindwurms (Lair:2)
  4 orc knights (Orc:2)
  A wolf spider (Lair:5)
  4 orc sorcerers (Orc:2)
  2 cyclopes (D:11)
  2 ugly things (IceCv)
  10 elephants
  A centaur zombie (D:10)
  2 manticores (D:12)
  3 ice statues (IceCv)
  5 black mambas
  Maggie (D:6)
  23 cane toads
  An unseen horror zombie (D:10)
  3 rime drakes
  7 komodo dragons
  An anaconda simulacrum (IceCv)
  4 tyrant leeches
  3 trolls
  2 hornets
  15 dream sheep
  Grinder (D:6)
  28 blink frogs
  3 polar bears
  A shadow (D:12)
  2 wyverns
  Sigmund (D:2)
  3 wraiths
  7 fire elementals (Orc:2)
  3 basilisks
  46 yaks
  9 vampire mosquitoes
  2 steam dragons
  A death yak simulacrum (IceCv)
  2 wargs
  A harpy simulacrum (IceCv)
  An acid dragon (D:10)
  4 nagas (Lair:2)
  A hell hound (Orc:2)
  4 swamp worms (Swamp:1)
  14 water moccasins
  2 ice beasts
  24 orc warriors
  4 black bears
  13 ogres
  22 wolves
  5 centaurs
  3 phantoms
  15 bullfrogs
  2 kobold brigands
  A scorpion (D:6)
  2 necrophages
  4 gnoll sergeants
  12 wights
  2 elephant simulacra (IceCv)
  8 killer bees
  4 howler monkeys
  2 electric eels (Lair:5)
  7 jellies
  A hound (D:7)
  15 orc priests
  3 iguanas
  20 orc wizards
  A wolf simulacrum (IceCv)
  2 polar bear simulacra (IceCv)
  16 gnolls
  6 adders
  2 shadow imps
  3 ufetubi
  A worm (D:5)
  4 dart slugs
  51 orcs
  5 bats
  5 endoplasms
  2 giant cockroaches (D:3)
  7 goblins
  9 hobgoblins
  15 kobolds
  3 quokkas
  9 ball pythons
  7 frilled lizards
  5 rats
  6 bushes (Lair:4)
587 creatures vanquished.

Vanquished Creatures (collateral kills)
  A bunyip (Swamp:1)
  A troll (D:11)
  A tyrant leech (Swamp:1)
  An orc (D:5)
  34 foxfires
38 creatures vanquished.

Vanquished Creatures (others)
  An orc priest (Orc:2)
  An orc wizard (Orc:2)
  An orc (Orc:2)
  1817 foxfires
  63 fungi
  140 plants
2023 creatures vanquished.

Grand Total: 2648 creatures vanquished

Notes
Turn   | Place    | Note
-------+----------+-------------------------------------------
     0 | D:1      | funkygono the Demonspawn Fire Elementalist began the quest
                  | for the Orb.
     0 | D:1      | Reached XP level 1. HP: 13/13 MP: 3/3
   174 | D:1      | Gained mutation: You have a somewhat thin skeletal
                  | structure. (Dex +2, Stealth+) [demonic ancestry]
   174 | D:1      | Reached XP level 2. HP: 19/19 MP: 0/5
   287 | D:1      | Learned a level 2 spell: Scorch
   714 | D:1      | Gained mutation: You have a moderately thin skeletal
                  | structure. (Dex +4, Stealth++) [demonic ancestry]
   714 | D:1      | Reached XP level 3. HP: 12/25 MP: 0/6
   718 | D:1      | Learned a level 3 spell: Kindle Blastsparks
   773 | D:1      | Found Umes's Book Shoppe.
  1493 | D:2      | Noticed Sigmund
  1625 | D:2      | Killed Sigmund
  1626 | D:2      | Reached skill level 3 in Spellcasting
  1626 | D:2      | Reached XP level 4. HP: 19/31 MP: 4/9
  1626 | D:2      | Reached XP level 5. HP: 22/36 MP: 4/10
  1864 | D:2      | Learned a level 4 spell: Flame Wave
  2460 | D:3      | Found an ornate altar of the Wu Jian Council.
  2461 | D:3      | Identified the +12 spear "Otil" {antimagic, rPois Str+2
                  | Int-2 Dex+4}
  2689 | D:3      | Noticed a black bear
  2696 | D:3      | Killed a black bear
  2697 | D:3      | Gained mutation: A weak demonic guardian rushes to your
                  | aid. [demonic ancestry]
  2697 | D:3      | Reached XP level 6. HP: 42/42 MP: 4/11
  2809 | D:3      | Found a sacrificial altar of Ru.
  2934 | D:3      | Found a broken altar of Ashenzari.
  2975 | D:3      | Reached skill level 4 in Spellcasting
  3185 | D:4      | Found a staircase to the Ecumenical Temple.
  3204 | Temple   | Entered the Ecumenical Temple
  3374 | Temple   | Became a worshipper of Sif Muna the Loreminder
  3669 | D:4      | Found a shimmering altar of Xom.
  4072 | D:4      | Gained mutation: You have a pair of small antennae on your
                  | head. [demonic ancestry]
  4072 | D:4      | Reached XP level 7. HP: 47/47 MP: 3/13
  4527 | D:4      | Identified a scroll of acquirement
  4527 | D:4      | Acquired the amulet of Ibbalud {Acrobat Harm Regen+ Int+4
                  | Stlth-}
  4545 | D:4      | Learned a level 3 spell: Stone Arrow
  4581 | D:5      | Entered Level 5 of the Dungeon
  4697 | D:5      | Reached skill level 5 in Fire Magic
  4774 | D:5      | Reached skill level 5 in Spellcasting
  5164 | D:5      | Reached * piety under Sif Muna
  5264 | D:5      | Reached skill level 1 in Earth Magic
  5264 | D:5      | Gained mutation: You have a pair of antennae on your head.
                  | [demonic ancestry]
  5264 | D:5      | Reached XP level 8. HP: 53/53 MP: 9/16
  6131 | D:6      | Found an iron altar of Okawaru.
  6251 | D:6      | Reached skill level 6 in Spellcasting
  6410 | D:6      | Found an opulent altar of Gozag.
  6583 | D:6      | Noticed Grinder
  6587 | D:6      | Killed Grinder
  6683 | D:6      | Noticed Maggie
  6695 | D:6      | Killed Maggie
  6801 | D:6      | Noticed a troll
  6855 | D:6      | Reached skill level 7 in Spellcasting
  6855 | D:6      | Reached XP level 9. HP: 58/58 MP: 13/19
  6935 | D:6      | Reached skill level 5 in Conjurations
  7741 | D:7      | Reached skill level 1 in Armour
  8062 | D:7      | Found Cotant's Antique Weapon Boutique.
  8535 | D:7      | Found a snail-covered altar of Cheibriados.
  8893 | D:8      | Reached skill level 8 in Spellcasting
  8957 | D:8      | Found the +7 Kryia's mail coat {PotionHeal*2 rC+}
  9245 | D:8      | Reached ** piety under Sif Muna
  9530 | D:8      | Learned a level 4 spell: Olgreb's Toxic Radiance
  9739 | D:1      | Bought a Trismegistus Codex for 336 gold pieces
  9743 | D:1      | Learned a level 3 spell: Ignite Poison
  9951 | D:9      | Noticed a two-headed ogre
  9951 | D:9      | Found a hazy altar of Hepliaklqana.
 10067 | D:9      | Reached XP level 10. HP: 64/64 MP: 14/22
 10309 | D:9      | Killed a two-headed ogre
 10310 | D:9      | Reached skill level 1 in Poison Magic
 10403 | D:9      | Noticed a two-headed ogre
 10411 | D:9      | Killed a two-headed ogre
 11112 | D:9      | Found a radiant altar of Vehumet.
 11243 | D:9      | Found a staircase to the Lair.
 11474 | D:10     | Entered Level 10 of the Dungeon
 11549 | D:10     | Reached skill level 1 in Fighting
 11706 | D:10     | Reached skill level 9 in Spellcasting
 11742 | D:10     | Noticed a two-headed ogre
 11748 | D:10     | Killed a two-headed ogre
 11900 | D:10     | Noticed a two-headed ogre
 11905 | D:10     | Noticed a two-headed ogre
 11908 | D:10     | Killed a two-headed ogre
 11909 | D:10     | Gained mutation: You have an unnaturally thin skeletal
                  | structure. (Dex +6, Stealth+++) [demonic ancestry]
 11909 | D:10     | Reached XP level 11. HP: 70/70 MP: 17/24
 11912 | D:10     | Killed a two-headed ogre
 12121 | D:10     | Reached *** piety under Sif Muna
 12222 | D:10     | Found a basalt altar of Yredelemnul.
 12266 | D:10     | Noticed a purple ugly thing
 12267 | D:10     | Found a runed translucent gate.
 12267 | D:10     | Noticed a red ugly thing
 12267 | D:10     | Noticed a brown ugly thing
 12267 | D:10     | Noticed a white ugly thing
 12268 | D:10     | Found a runed translucent gate.
 12268 | D:10     | Found a runed translucent gate.
 12414 | D:10     | Found Qusis's Assorted Antiques.
 12436 | D:10     | Bought a pair of distressingly furry boots for 247 gold
                  | pieces
 12436 | D:10     | Identified the +1 pair of boots of the Clam {rElec} (You
                  | bought it in a shop on level 10 of the Dungeon)
 12436 | D:10     | Bought a potion of heal wounds for 130 gold pieces
 12525 | D:11     | Found Beov's Distillery.
 12530 | D:11     | Bought a potion of heal wounds for 85 gold pieces
 12603 | D:11     | Found Saloij's Distillery.
 12603 | D:11     | Noticed a boulder beetle
 12615 | D:11     | Found a portal to a secret trove of treasure.
 12636 | D:11     | Reached skill level 1 in Maces & Flails
 12657 | D:11     | Noticed Fannar
 13039 | D:11     | Found a transporter.
 13039 | D:11     | Found a transporter.
 13044 | D:11     | Found a transporter.
 13071 | D:11     | Found a transporter.
 13704 | D:11     | Killed Fannar
 13976 | D:12     | Reached skill level 10 in Spellcasting
 14079 | D:12     | Found a staircase to the Orcish Mines.
 14367 | D:12     | Noticed a two-headed ogre
 14376 | D:12     | Killed a two-headed ogre
 14436 | D:12     | Reached skill level 5 in Armour
 15678 | Lair:1   | Entered Level 1 of the Lair of Beasts
 15810 | Lair:1   | Reached skill level 10 in Fire Magic
 15826 | Lair:1   | Reached skill level 5 in Poison Magic
 16168 | Lair:1   | Reached XP level 12. HP: 77/77 MP: 16/26
 16291 | Lair:1   | Reached **** piety under Sif Muna
 17629 | Lair:2   | Noticed a five-headed hydra
 17637 | Lair:1   | Reached skill level 1 in Invocations
 17737 | Lair:2   | HP: 3/77 [five-headed hydra (10)]
 17741 | Lair:2   | Killed a five-headed hydra
 17742 | Lair:2   | Reached skill level 11 in Spellcasting
 17929 | Lair:2   | Found a staircase to the Snake Pit.
 18669 | Lair:2   | Gained mutation: Spells you cast may paralyse adjacent
                  | enemies. [demonic ancestry]
 18669 | Lair:2   | Reached XP level 13. HP: 83/83 MP: 10/28
 19328 | Lair:3   | Reached skill level 1 in Transmutations
 19613 | Lair:3   | Identified the +2 great sword "Ziaggut" {freeze, *Rage
                  | rElec rC+ Int+3}
 19809 | Lair:3   | Found a staircase to the Swamp.
 20435 | Lair:4   | Reached skill level 12 in Spellcasting
 20560 | Lair:4   | Reached ***** piety under Sif Muna
 21819 | Lair:5   | Entered Level 5 of the Lair of Beasts
 21938 | Lair:5   | Found a frozen archway.
 21951 | IceCv    | Entered an ice cave
 22649 | IceCv    | Received a gift from Sif Muna
 22668 | IceCv    | Got Mobiutol's Collected Works on the Snowflakes and the
                  | Geologist {god gift}
 22840 | Lair:5   | Reached skill level 13 in Spellcasting
 23130 | Lair:5   | Gained mutation: You have a pair of large antennae on your
                  | head. (SInv) [demonic ancestry]
 23130 | Lair:5   | Reached XP level 14. HP: 89/89 MP: 27/31
 24354 | Lair:5   | Found a viscous altar of Jiyva.
 24355 | Lair:5   | Found a staircase to the Slime Pits.
 24615 | Lair:5   | Received a gift from Sif Muna
 24812 | Lair:5   | Reached skill level 14 in Spellcasting
 25158 | Lair:5   | Learned a level 5 spell: Fireball
 25491 | Orc:1    | Entered Level 1 of the Orcish Mines
 25902 | Orc:2    | Entered Level 2 of the Orcish Mines
 25902 | Orc:2    | Found Tyquc's Magic Scroll Shoppe.
 25965 | Orc:2    | Found a staircase to the Elven Halls.
 26408 | Orc:2    | Noticed Azrael
 26805 | Orc:2    | Reached skill level 10 in Poison Magic
 26875 | Orc:2    | Killed Azrael
 27058 | Orc:2    | Found Yfaathridgh's Assorted Antiques.
 27058 | Orc:2    | Found Anefob's Distillery.
 27060 | Orc:2    | Found Qiogur's Antique Weapon Shop.
 27060 | Orc:2    | Found Ysiu's Jewellery Shoppe.
 27540 | Orc:1    | Found a shimmering blue altar of Sif Muna.
 27946 | Swamp:1  | Entered Level 1 of the Swamp
 28480 | Swamp:1  | Reached XP level 15. HP: 67/95 MP: 33/33
 28713 | Swamp:1  | Noticed a fenstrider witch
 28716 | Swamp:1  | Paralysed by a fenstrider witch for 3 turns
 28718 | Swamp:1  | HP: 3/95 [poison]
 28718 | Swamp:1  | Slain by a fenstrider witch

Illustrated notes

Levels and vault maps discovered:
D:1:      matt_arrival_refuge, layout_loops_ring, serial_shops,
          nicolae_shop_crystal
D:2:      layout_basic, st_stairs_7, uniq_sigmund
D:3:      layout_loops_ring, mainiacjoe_overflow_concentric_impassable,
          lemuel_crystal_altar, lemuel_coloured_pillars_altar,
          mainiacjoe_overflow_six_doors_small, nicolae_overflow_hidden_temple,
          dreamdust_wishing_well, minmay_misc_feat_five, minmay_misc_feat_rugged
D:4:      layout_basic, mainiacjoe_overflow_alcove_1,
          minmay_temple_entry_mini_moons, minmay_lizard_king
D:5:      nicolae_cairo_tiling_large, layout_layer_cave, hangedman_decor_points,
          minmay_misc_feat_encased, minmay_strange_pillars
D:6:      layout_cave_pods, mainiacjoe_overflow_tiny_flanked,
          okawaru_ov_weapons_minmay, grunt_ministairs_9, lightli_corner_chamber,
          uniq_maggie, uniq_grinder
D:7:      layout_gridville, old_standard_altar, serial_shops, shop
D:8:      layout_loops_ring, minmay_misc_feat_rows, hex_large
D:9:      layout_stronghold, mainiacjoe_overflow_chevrons,
          mainiacjoe_overflow_alcove_2, grunt_lair_entry_orc_guard_hut
D:10:     layout_long_grid, elyvilon_altar_1, trog_wizard,
          lemuel_zombie_altar_yredelemnul,
          ploomutoo_gammafunk_ghost_potion_laboratory, serial_shops,
          nicolae_shop_hallway_plus
D:11:     layout_irregular_city, nicolae_trove_entry_crossroad, serial_shops,
          nicolae_shop_stone, nicolae_take_the_stairs, minivault_11,
          nicolae_diode_quadrants, uniq_fannar
D:12:     layout_roguey, david_orc_5
Temple:   nicolae_temple_two_arcs
Lair:1:   layout_layer_cave, serial_bayou_pond_c
Lair:2:   layout_cellular_growth, minmay_snake_entry_guardpost_small,
          minmay_lindwurm_lava, lemuel_fruit_tree, grunt_megastairs_1
Lair:3:   layout_misc_corridors, swamp_mist_pool
Lair:4:   layout_regular_city, serial_forest, infiniplex_forest_lined_3,
          infiniplex_forest_lined_4_way, infiniplex_forest_straight_2,
          infiniplex_forest_end_1, infiniplex_forest_zigzag_1,
          infiniplex_forest_clump_double, infiniplex_forest_corner_1,
          grunt_megastairs_5
Lair:5:   minmay_lair_end_frog_pond, layout_cave_pods,
          minmay_slime_entry_pillars, portal_ice_cave_rime, st_stairs_6,
          nicolae_lair_run_with_the_wolves, serial_bayou_shore_b
Swamp:1:  layout_falls_marsh, hangedman_swamp_cone
Orc:1:    layout_diamond_mine, led_sif_book
Orc:2:    grunt_orc_tribal_feast, layout_diamond_mine, special_room,
          serial_shops, nicolae_diamond_shop, uniq_azrael

Skill      XL: |  1  2  3  4  5  6  7  8  9 10 11 12 13 14 |
---------------+-------------------------------------------+-----
Fire Magic     | 3 4 5 6 8 9 10 11 12 | 12.7
Dodging        | 2 3 |  3.0
Spellcasting   | 3 4 5 7 8 9 10 11 13 14 | 14.6
Conjurations   | 2 3 4 6 7 8 9 |  9.4
Earth Magic    | 1 2 3 4 |  4.6
Armour         | 1 3 5 6 7 |  7.1
Poison Magic   | 2 5 7 8 10 | 10.2
Fighting       | 1 2 |  2.0
Maces & Flails | 1 2 |  2.0
Invocations    | 1 2 |  2.1
Transmutations | 2 3 |  3.2
Stealth        | |  1.7
Evocations     | |  0.3

Action                   |  1- 3 |  4- 6 |  7- 9 | 10-12 | 13-15 || total
-------------------------+-------+-------+-------+-------+-------++-------
Melee: Club              |    11 |     1 |     4 |       |       ||    16
       Flail             |       |       |     5 |    22 |    28 ||    55
 Cast: Foxfire           |    54 |    63 |   221 |   348 |   379 ||  1065
       Scorch            |     5 |    12 |    35 |    95 |   102 ||   249
       Flame Wave        |       |       |     2 |    13 |    18 ||    33
       Olgreb's Toxic Ra |       |       |       |    25 |    95 ||   120
       Ignite Poison     |       |       |       |    23 |    97 ||   120
       Stone Arrow       |       |       |       |       |    25 ||    25
       Kindle Blastspark |       |       |       |       |     1 ||     1
Invok: Channel Magic     |       |       |     1 |     2 |     9 ||    12
Evoke: Wand              |       |       |       |       |     7 ||     7
  Use: Scroll            |       |       |    20 |     5 |     7 ||    32
       Potion            |       |       |     1 |     2 |     6 ||     9
 Stab: Paralysed         |       |       |       |       |     2 ||     2
Armor: Robe              |     7 |     2 |     1 |       |       ||    10
       Swamp dragon scal |       |       |     5 |    31 |    84 ||   120
Dodge: Dodged            |     6 |     2 |    33 |   132 |   136 ||   309

Table legend: (Time is in decaauts)
 A = Elapsed time spent in this place.
 B = Non-inter-level travel time spent in this place.
 C = Inter-level travel time spent in this place.
 D = Time resting spent in this place.
 E = Time spent auto-exploring this place.
 F = Levels seen in this place.
 G = Mean time per level.
                   A        B        C        D        E       F      G
               +--------+--------+--------+--------+--------+-----+--------+
         Total |  28833 |  27189 |   1644 |    919 |  21595 |  22 | 1310.6 |
       Dungeon |  15852 |  14633 |   1219 |    387 |  11743 |  12 | 1321.0 |
        Temple |    179 |    170 |      9 |      0 |    143 |   1 |  179.0 |
          Lair |   8980 |   8642 |    338 |     81 |   7253 |   5 | 1796.0 |
         Swamp |    799 |    799 |      0 |      0 |    674 |   1 |  799.0 |
  Orcish Mines |   2167 |   2091 |     76 |    199 |   1451 |   2 | 1083.5 |
      Ice Cave |    853 |    853 |      0 |    252 |    331 |   1 |  853.0 |
               +--------+--------+--------+--------+--------+-----+--------+

Top non-repeatable levels by time:
  Lair:5: 2536 daAuts
  Lair:2: 2098 daAuts
     D:9: 1849 daAuts
  Lair:1: 1638 daAuts
    D:11: 1625 daAuts
     D:5: 1540 daAuts
     D:6: 1490 daAuts
  Lair:4: 1449 daAuts
   Orc:2: 1417 daAuts
    D:10: 1357 daAuts
     D:4: 1349 daAuts
     D:1: 1289 daAuts
     D:7: 1276 daAuts
  Lair:3: 1257 daAuts
    D:12: 1165 daAuts
